cohdb
Replays
Latest Replays
All Replays
Popular Replays
Top Player Replays
Match Explorer
How It Works
Community
CoH3 Stats
Reddit
Sign in to upload your games and track your stats! →
Sign in with Steam
Match 44492776
Unlisted
Match 44492776
Overview
Messages
Build Orders
End
Royal Engineer Section
Construct Section Command Post
Selects Indian Artillery Battlegroup
Vickers Machine Gun Team
Infantry Section
Grenade Package
Selects Towed ML 4.2-inch Heavy Mortar
Towed ML 4.2-inch Heavy Mortar
Construct Platoon Command Post
Infantry Training
6-pounder Anti-tank Gun Team
Selects Valour
Unlock Bishop Self-propelled Artillery
Selects Gurkha Rifles Section
Gurkha Rifles Section
Royal Engineer Section
Infantry Section
Barnes
Moose
iNsaneMilesy
Xircot
Joraad
Melon Head
0
0
Comments
sign in to comment!
No comments posted yet!